 Dungeon Crawl Stone Soup version 0.22.0-16-gc6d26f6 (webtiles) character file.

85 letownia2 the Insei (level 4, -2/34 HPs)
             Began as a Demonspawn Transmuter on Aug 17, 2018.
             Slain by a mummy (11 damage)
             ... in an ossuary.
             The game lasted 00:06:15 (1140 turns).

letownia2 the Insei (Demonspawn Transmuter)         Turns: 1140, Time: 00:06:16

Health: -2/34      AC:  7    Str: 11    XL:     4   Next: 25%
Magic:  0/7        EV: 10    Int: 15    God:
Gold:   107        SH:  0    Dex: 13    Spells: 4/7 levels left

rFire    + . .     SeeInvis .     - Unarmed
rCold    . . .     Gourm    .   (no shield)
rNeg     . . .     Faith    .   p - +2 ring mail {rF+}
rPois    .         Spirit   +   (helmet restricted)
rElec    .         Reflect  .   (no cloak)
rCorr    .         Harm     .   (no gloves)
MR       .....                  (boots currently unavailable)
Stlth    +.........             (no amulet)
HPRegen  0.11/turn              (no ring)
MPRegen  0.20/turn              (no ring)

@: appendage, very slightly contaminated
A: antennae 1, talons 3, magic shield, magic regeneration
a: End Transformation


You were in an ossuary.
You were hungry.
You had grown temporary talons.
You visited 1 branch of the dungeon, and saw 4 of its levels.
You also visited: Ossuary.

You collected 107 gold pieces.

Inventory:

Hand Weapons
 o - a +0 hand axe
Missiles
 a - 11 arrows
 k - 16 poisoned needles
 n - 4 tomahawks (quivered)
 s - 27 sling bullets
Armour
 b - a +0 robe
 h - a +0 ring mail
 l - a +0 leather armour
 p - a +2 ring mail of fire resistance (worn)
Jewellery
 i - an uncursed amulet of the acrobat {unknown}
Scrolls
 g - a scroll of amnesia {unknown}
 m - a scroll of remove curse {unknown}
 q - 2 scrolls of blinking {unknown}
 t - a scroll of teleportation {unknown}
Potions
 e - a potion of might {unknown}
 f - a potion of ambrosia {unknown}
 j - a potion of curing {unknown}
 r - a potion of haste {unknown}
Comestibles
 d - 3 rations


   Skills:
 + Level 2.7 Fighting
 - Level 0.7 Armour
 - Level 1.7 Dodging
 + Level 3.8 Unarmed Combat
 - Level 2.0 Spellcasting
 - Level 1.7 Transmutations


You had 4 spell levels left.
You knew the following spells:

 Your Spells              Type           Power        Failure   Level  Hunger
a - Beastly Appendage     Tmut           #.....       26%         1    #......
l - Sticks to Snakes      Tmut           #.......     36%         2    ###....

Your spell library contained the following spells:

 Spells                   Type           Power        Failure   Level  Hunger
 Spider Form              Tmut/Pois      #.........   75%         3    ###....
 Blade Hands              Tmut           #.........   100%        5    ######.
 Ice Form                 Ice/Tmut       #.......     98%         4    #####..


Dungeon Overview and Level Annotations

Branches:
Dungeon (4/15)
 Temple: D:4-7

Altars:
Dithmenos
Fedhas
Zin

Annotations:
D:2 Terence


Innate Abilities, Weirdness & Mutations

You have a pair of small antennae on your head.
When hurt, damage is shared between your health and your magic reserves.
You regenerate magic rapidly.
You have claws for feet.


Message History

Your ball python bites the mummy but does no damage.
Your ball python grabs the mummy.
Your ball python constricts the mummy.
Unknown command.
You hit the mummy.
The mummy is moderately damaged.
Your ball python bites the mummy but does no damage.
Your ball python constricts the mummy.
The mummy hits you!
* * * LOW HITPOINT WARNING * * *
Unknown command.
You hit the mummy. You claw the mummy.
The mummy is heavily damaged.
Your ball python bites the mummy but does no damage.
Your ball python constricts the mummy.
Your ball python bites the mummy.
Your ball python constricts the mummy.
Unknown command.
Unknown command.
You hit the mummy. You claw the mummy.
The mummy is almost destroyed.
The mummy misses you. The mummy hits you!
You die...

#....#
#....#
#....#
#.(..#
#.(..#
#....#
#....#
#.MM.#
#.S@.#
######


You could see 2 mummies and a friendly ball python.

Vanquished Creatures
  4 adders
  An ooze (D:1)
  An adder skeleton (D:3)
  A dart slug (D:1)
  A leopard gecko (D:1)
  An orc (D:2)
  A ball python (D:1)
  A giant cockroach (D:1)
  A gnoll zombie (Ossuary)
  A goblin (D:3)
  8 hobgoblins
  A quokka (D:2)
  5 bats
  4 frilled lizards
  2 hobgoblin zombies (Ossuary)
  A kobold (D:1)
  A kobold zombie (Ossuary)
  An orc zombie (Ossuary)
  6 rats
42 creatures vanquished.

Notes
Turn   | Place    | Note
-------+----------+-------------------------------------------
     0 | D:1      | letownia2 the Demonspawn Transmuter began the quest for the Orb.
     0 | D:1      | Reached XP level 1. HP: 15/15 MP: 3/3
   167 | D:1      | Reached skill level 3 in Unarmed Combat
   167 | D:1      | Gained mutation: When hurt, damage is shared between your health and your magic reserves. [demonic ancestry]
   167 | D:1      | Reached XP level 2. HP: 14/21 MP: 1/5
   295 | D:2      | Noticed Terence
   370 | D:1      | Learned a level 2 spell: Sticks to Snakes
   605 | D:2      | Gained mutation: You regenerate magic rapidly. [demonic ancestry]
   605 | D:2      | Reached XP level 3. HP: 12/27 MP: 4/6
   724 | D:2      | Found a blossoming altar of Fedhas.
   765 | D:2      | Found a shadowy altar of Dithmenos.
   769 | D:2      | Found a glowing silver altar of Zin.
   858 | D:3      | Lost mutation: You have a pair of horns on your head. [demonic ancestry]
   858 | D:3      | Lost mutation: You have a pair of small horns on your head. [demonic ancestry]
   858 | D:3      | Gained mutation: You have a pair of small antennae on your head. [demonic ancestry]
   858 | D:3      | Reached XP level 4. HP: 7/34 MP: 7/7
   991 | D:4      | Found a sand-covered staircase.
  1011 | D:4      | Noticed a phantom
  1022 | Ossuary  | Entered an ossuary
  1140 | Ossuary  | Slain by a mummy

Skill      XL: |  1  2 |
---------------+-------+-----
Unarmed Combat | 3 |  3.8
Fighting       | 2 |  2.7
Armour         | |  0.7
Dodging        | |  1.7
Spellcasting   | |  2.0
Transmutations | |  1.7

Action                   |  1- 3 |  4- 6 || total
-------------------------+-------+-------++-------
Melee: Unarmed           |   120 |    34 ||   154
       Kick              |    10 |     8 ||    18
       Headbutt          |     4 |       ||     4
       Punch             |     1 |     1 ||     2
Throw: Tomahawk          |     5 |     4 ||     9
 Cast: Beastly Appendage |    23 |     5 ||    28
       Sticks to Snakes  |       |     1 ||     1
  Use: Potion            |     1 |       ||     1
 Stab: Sleeping          |     1 |       ||     1
  Eat: Chunk             |     1 |       ||     1
Armor: Robe              |     5 |       ||     5
       Ring mail         |    56 |    10 ||    66
       Skin              |     6 |       ||     6
Dodge: Dodged            |    88 |     4 ||    92
